 Dungeon Crawl Stone Soup version 0.30-a0-760-g5a9884bb7c (webtiles) character file.

Game seed: 712136698234654269

5840 AzureAlchemist the Magician (level 10, -6/79 HPs)
             Began as a Barachi Earth Elementalist on Feb 11, 2023.
             Was a Believer of Dithmenos.
             Killed from afar by an acid dragon (20 damage)
             ... with a splash of acid
             ... on level 10 of the Dungeon.
             The game lasted 00:47:25 (10973 turns).

AzureAlchemist the Magician (BaEE)                 Turns: 10973, Time: 00:47:25

Health: -6/79      AC:  0    Str: 11    XL:     10   Next: 80%
Magic:  10/20      EV: 12    Int: 19    God:    Dithmenos [**....]
Gold:   625        SH:  0    Dex: 12    Spells: 10/23 levels left

rFire   . . .      SeeInvis .    b - +0 shortbow
rCold   . . .      Faith    .    (shield currently unavailable)
rNeg    . . .      Spirit   .    h - +0 robe
rPois   .          Reflect  .    p - +0 helmet
rElec   .          Harm     .    (no cloak)
rCorr   .          Rampage  .    (no gloves)
Will    .....                    f - +0 pair of boots
Stlth   +++                      (no amulet)
HPRegen 0.33/turn                l - +4 ring of slaying
MPRegen 0.17/turn                (no ring)

@: about to teleport, marked, corroded, unable to hop, wreathed by umbra, slow
A: amphibious, slowness 1, strong legs 1, +LOS
a: Hop, Renounce Religion, Shadow Step


You were on level 10 of the Dungeon.
You worshipped Dithmenos.
Dithmenos was pleased with you.
You visited 1 branch of the dungeon, and saw 10 of its levels.

You collected 625 gold pieces.

Inventory:

Hand Weapons
 a - a +7 dagger
 b - a +0 shortbow (weapon)
 y - a +2 rapier of electrocution
Missiles
 m - 2 throwing nets
 u - 6 curare-tipped darts
 B - 23 poisoned darts
Armour
 f - a +0 pair of boots (worn)
 h - a +0 robe (worn)
 p - a +0 helmet (worn)
 w - a +0 cloak
 H - a +1 kite shield of poison resistance
Magical Staves
 K - a staff of poison
Jewellery
 l - a +4 ring of slaying (left hand)
 x - an amulet of faith
Wands
 k - a wand of light (10)
 E - a wand of polymorph (11)
 I - a wand of mindburst (3)
Scrolls
 c - 2 scrolls of immolation
 g - 4 scrolls of teleportation
 j - 3 scrolls of amnesia
 n - 2 scrolls of enchant armour
 q - 2 scrolls of magic mapping
 s - 2 scrolls of fear
 C - a scroll of fog
 J - a scroll of silence {unknown}
 L - a scroll of identify
 M - a scroll of vulnerability {unknown}
Potions
 d - 5 potions of curing
 e - a potion of flight {unknown}
 i - a potion of degeneration {unknown}
 o - a potion of magic
 r - 2 potions of heal wounds {unknown}
 t - a potion of resistance
 v - 2 potions of lignification {unknown}
 z - 2 potions of brilliance {unknown}
 A - a potion of cancellation {unknown}
 D - 2 potions of berserk rage
 F - a potion of might {unknown}
 G - a potion of attraction {unknown}


   Skills:
 - Level 7.0 Fighting
 - Level 5.0 Short Blades
 - Level 3.1 Dodging
 - Level 4.0 Stealth
 - Level 7.0 Spellcasting
 - Level 7.0 Conjurations
 + Level 2.3 Hexes
 + Level 2.4 Summonings
 - Level 7.0 Transmutations
 - Level 7.0 Earth Magic


You had 10 spell levels left.
You knew the following spells:

 Your Spells              Type           Power      Damage    Failure   Level
a - Sandblast             Erth           66%        2d15      1%          1
b - Passwall              Tmut/Erth      27%        N/A       1%          2
c - Stone Arrow           Conj/Erth      66%        3d11      1%          3
d - Petrify               Tmut/Erth      33%        N/A       5%          4
e - Summon Guardian Gole  Hex/Summ       15%        N/A       12%         3

Your spell library contained the following spells:

 Spells                   Type           Power      Damage    Failure   Level
 Magic Dart               Conj           100%       1d8       1%          1
 Wereblood                Tmut           33%        N/A       1%          2
 Call Imp                 Summ           16%        N/A       5%          2
 Mephitic Cloud           Conj/Pois/Air  15%        N/A       12%         3
 Blink                    Tloc           12%        N/A       16%         2
 Sublimation of Blood     Necr           6%         N/A       16%         2
 Kindle Blastsparks       Fire/Tloc/Air  12%        2d11      30%         3
 Orb of Destruction       Conj           16%        9d7       99%         7
 Spellforged Servitor     Conj/Summ      12%        N/A       100%        7
 Summon Hydra             Summ           8%         N/A       100%        7
 Disjunction              Tloc           3%         N/A       100%        8
 Chain Lightning          Conj/Air       9%         3d12      100%        9
 Fire Storm               Conj/Fire      9%         8d3       100%        9
 Shatter                  Erth           16%        3d16*     100%        9


Dungeon Overview and Level Annotations

Branches:
Dungeon (10/15)            Temple (0/1) D:6
   Lair: D:8-11         Orc: D:9-12

Altars:
Cheibriados
Dithmenos
Elyvilon
Gozag
Makhleb
Sif Muna
Xom
Yredelemnul

Annotations:
D:1 2 exclusions
D:3 1 runed translucent door, tarna41's ghost, amateur DjFE


Innate Abilities, Weirdness & Mutations

You are amphibious.
You cover ground slowly.
You can hop short distances.
You have an extended range of vision and can be seen from far away.


Message History

The ice beast is almost dead.
A wolf comes into view. x2
A kobold brigand comes into view.
It is wielding a +0 dagger and quivering poisoned darts.
The ice beast hits you. The ice beast freezes you!
Casting: Stone Arrow (safe; 1% risk of failure)
Confirm with . or Enter, or press ? or * to list all spells.
Aiming: Stone Arrow (safe; 1% risk of failure)
Press: ? - help, Shift-Dir - straight line, f/p - ice beast
Aim: an ice beast (almost dead, umbra, 74% to hit)
The stone arrow hits the ice beast.
You kill the ice beast!
Dithmenos accepts your kill. The wolf closely misses you.
A kobold comes into view. It is wielding a +0 whip.
Casting: Stone Arrow (safe; 1% risk of failure)
Confirm with . or Enter, or press ? or * to list all spells.
Aiming: Passwall (safe; 1% risk of failure)
Press: ? - help, Dir - move target A rock wall.
This square is wreathed by an umbra.
The wolf bites you.
You begin to meditate on the wall.
You continue meditating on the rock.
The wolf bites you but does no damage. The wolf bites you.
The acid dragon spits acid at you. The splash of acid hits you!
The acid corrodes you!
You continue meditating on the rock.
The wolf bites you.
* * * LOW HITPOINT WARNING * * *
The wolf bites you.
* * * LOW HITPOINT WARNING * * *
You finish merging with the rock. ...and sense your way blocked.
You quickly turn back.
Unknown command.
Unknown command.
As you read the scroll of teleportation, it crumbles to dust.
You feel strangely unstable. The wolf bites you.
* * * LOW HITPOINT WARNING * * *
The acid dragon spits acid at you. The splash of acid hits you!!
You die...

#..(....##.# #.########.# #.# #.#
♣♣ #.# #.#### .. ##########.#
#....# .. #..........# #....# .#
#.##.......# #....# .##
###.#.....#.#########K#..# ..##..
........#.#.##hh@..DKK...#♣......
###b#...#.#.##y######.#..'......D
..........#.## #.#..'[......
......._..#.# #.#.##♣......
...<......#.# #.#.# ..##..
..#..####.#.. #.#.# .## .
###...)<#.#.# #...# .#
#.#.###.#.# ##### $. #.#.. .. ..


You could see an acid dragon (catching breath), a vampire mosquito, a kobold
brigand, 2 wolves and 2 kobolds.

Vanquished Creatures
  A two-headed ogre (D:9)
  2 shadows (D:10)
  2 wyverns
  4 yaks
  2 steam dragons
  A vampire mosquito (D:6)
  Menkaure (D:5)
  Edmund (D:4)
  A water moccasin (D:7)
  2 ice beasts
  A sky beast (D:7)
  2 centaurs
  2 ogres (D:6)
  3 phantoms
  A kobold brigand (D:9)
  4 bullfrogs
  A gnoll sergeant (D:8)
  4 scorpions
  10 wights
  4 killer bees (D:7)
  4 howler monkeys
  2 hounds (D:5)
  3 gnoll boudas (D:6)
  An orc priest (D:7)
  2 jellies
  Jessica (D:2)
  3 iguanas
  Natasha (thrice) (D:2)
  5 orc wizards
  Robin (D:3)
  5 adders
  30 gnolls
  4 white imps
  2 ufetubi (D:5)
  4 worms
  3 dart slugs
  22 orcs
  10 endoplasms
  2 giant cockroaches
  10 hobgoblins
  8 jackals
  2 quokkas
  9 ball pythons
  7 bats
  6 frilled lizards
  17 goblins
  10 kobolds
  5 rats
230 creatures vanquished.

Vanquished Creatures (others)
  A plant (D:1)
  2 withered plants (D:3)
3 creatures vanquished.

Grand Total: 233 creatures vanquished

Notes
Turn   | Place    | Note
-------+----------+-------------------------------------------
     0 | D:1      | AzureAlchemist the Barachi Earth Elementalist began the
                  | quest for the Orb.
     0 | D:1      | Reached XP level 1. HP: 13/13 MP: 3/3
   188 | D:1      | Reached XP level 2. HP: 19/19 MP: 3/5
   198 | D:1      | Reached skill level 1 in Conjurations
   481 | D:1      | Reached XP level 3. HP: 24/24 MP: 5/7
   484 | D:1      | Learned a level 2 spell: Passwall
   488 | D:1      | Learned a level 3 spell: Stone Arrow
  1216 | D:2      | Noticed Natasha
  1226 | D:2      | Killed Natasha
  1227 | D:2      | Reached XP level 4. HP: 28/30 MP: 1/8
  1555 | D:2      | Noticed Natasha
  1610 | D:2      | Killed Natasha
  1611 | D:2      | Reached XP level 5. HP: 35/35 MP: 7/10
  1616 | D:2      | Noticed Natasha
  1621 | D:2      | Killed Natasha
  1921 | D:2      | Noticed Jessica
  1925 | D:2      | Killed Jessica
  2003 | D:2      | Reached XP level 6. HP: 37/41 MP: 8/12
  2771 | D:3      | Found a faded altar of an unknown god.
  2802 | D:3      | Got Golubria's Annotations on Orientation
  2951 | D:3      | Noticed Robin
  3102 | D:3      | Killed Robin
  3226 | D:3      | Found a runed translucent door.
  3226 | D:3      | Noticed tarna41's ghost (amateur DjFE)
  3382 | D:3      | Found a basalt altar of Yredelemnul.
  3470 | D:3      | Found a white marble altar of Elyvilon.
  3798 | D:4      | Reached skill level 5 in Spellcasting
  3904 | D:4      | Reached XP level 7. HP: 39/46 MP: 5/15
  4004 | D:4      | You fall into a shaft and drop 1 floor!
  4004 | D:5      | Entered Level 5 of the Dungeon
  4012 | D:5      | Found an opulent altar of Gozag.
  4081 | D:4      | Noticed Edmund
  4167 | D:4      | Killed Edmund
  5161 | D:5      | Reached XP level 8. HP: 52/52 MP: 16/18
  5174 | D:5      | Reached skill level 5 in Conjurations
  5501 | D:5      | Noticed Menkaure
  5513 | D:5      | Killed Menkaure
  5514 | D:5      | Reached skill level 5 in Earth Magic
  6101 | D:6      | Found a shadowy altar of Dithmenos.
  6115 | D:6      | Became a worshipper of Dithmenos the Shadowed
  6412 | D:6      | Found a staircase to the Ecumenical Temple.
  6875 | D:6      | Found a burning altar of Makhleb.
  6876 | D:6      | Found a shimmering blue altar of Sif Muna.
  7053 | D:7      | Identified the +8 plate armour "Wealei" {Harm rElec rCorr
                  | Str+4}
  7112 | D:7      | Reached XP level 9. HP: 42/57 MP: 12/19
  7501 | D:7      | Reached * piety under Dithmenos
  7502 | D:7      | Reached skill level 5 in Fighting
  8026 | D:7      | Learned a level 4 spell: Petrify
  8925 | D:8      | Reached skill level 5 in Transmutations
  8927 | D:8      | Reached XP level 10. HP: 79/79 MP: 7/20
  9315 | D:8      | Reached skill level 1 in Short Blades
  9767 | D:9      | Noticed a two-headed ogre
  9843 | D:9      | Killed a two-headed ogre
  9843 | D:9      | Reached ** piety under Dithmenos
 10106 | D:9      | Found a snail-covered altar of Cheibriados.
 10538 | D:9      | Learned a level 3 spell: Summon Guardian Golem
 10652 | D:9      | Reached skill level 5 in Short Blades
 10874 | D:10     | Entered Level 10 of the Dungeon
 10877 | D:10     | Found a shimmering altar of Xom.
 10886 | D:10     | Reached skill level 1 in Hexes
 10886 | D:10     | Reached skill level 1 in Summonings
 10973 | D:10     | Killed from afar by an acid dragon

Illustrated notes

Levels and vault maps discovered:
D:1:      kennysheep_arrival_seaside, layout_rooms,
          minmay_misc_feat_more_columns, nrook_uturn
D:2:      layout_basic, chequers_mini_garden, minmay_tree_intersection,
          uniq_natasha, uniq_jessica
D:3:      layout_loops_ring, kennysheep_ying_yang, gammafunk_ghost_grave,
          shapermc_ecumenical_altar_petra, uniq_robin
D:4:      layout_loops_cross, grunt_ministairs_15, uniq_edmund
D:5:      layout_rooms, mainiacjoe_overflow_brackets, minivault_14,
          corexii_shack, amethyst_killhole, nrook_pool_corridor,
          chequers_arboretum, uniq_menkaure
D:6:      layout_basic, nicolae_dithmenos_the_darkroom,
          gammafunk_temple_overflow_pools, minmay_temple_entry_junction_2,
          nicolae_eternal_life, st_stairs_9
D:7:      layout_cave_pools, minmay_microvault
D:8:      layout_basic, minmay_misc_feat_pillars
D:9:      layout_loops_cross, cheibriados_altar_1
D:10:     layout_basic, xom_butterflies, hellmonk_lair_entry_icy, orc_0_dummy,
          serial_bayou_pond_d, kennysheep_dice

Skill      XL: |  1  2  3  4  5  6  7  8  9 10 |
---------------+-------------------------------+-----
Conjurations   | 1 2 4 7 |  7.0
Spellcasting   | 3 4 5 7 |  7.0
Earth Magic    | 4 6 7 |  7.0
Fighting       | 7 |  7.0
Dodging        | 3 |  3.1
Transmutations | 5 7 |  7.0
Short Blades   | 5 |  5.0
Stealth        | 4 |  4.0
Hexes          | 2 |  2.3
Summonings     | 2 |  2.4

Action                     |  1- 3 |  4- 6 |  7- 9 | 10-12 || total
---------------------------+-------+-------+-------+-------++-------
  Melee: Short sword       |     1 |       |       |       ||     1
         Dagger            |    10 |    29 |     6 |     9 ||    54
         Rapier            |       |       |       |     4 ||     4
   Fire: Sling             |       |    15 |    52 |       ||    67
         Shortbow          |       |       |    58 |    28 ||    86
  Throw: Dart              |       |       |     1 |     1 ||     2
   Cast: Sandblast         |    50 |    91 |    93 |    28 ||   262
         Stone Arrow       |       |     5 |    66 |    36 ||   107
         Passwall          |       |     1 |     2 |     3 ||     6
         Petrify           |       |       |       |     3 ||     3
Ability: Hop               |     1 |       |     8 |     4 ||    13
  Evoke: Wand              |       |       |     1 |       ||     1
    Use: Scroll            |       |       |    11 |     2 ||    13
   Stab: Sleeping          |     1 |     3 |       |     1 ||     5
         Petrified         |       |       |       |     5 ||     5
 Armour: Robe              |     2 |    11 |    12 |     3 ||    28
  Dodge: Dodged            |    20 |    32 |    51 |    11 ||   114

Table legend: (Time is in decaauts)
 A = Elapsed time spent in this place.
 B = Non-inter-level travel time spent in this place.
 C = Inter-level travel time spent in this place.
 D = Time resting spent in this place.
 E = Time spent auto-exploring this place.
 F = Levels seen in this place.
 G = Mean time per level.
                   A        B        C        D        E       F      G
               +--------+--------+--------+--------+--------+-----+--------+
         Total |  12357 |  12105 |    252 |   1942 |   7755 |  10 | 1235.7 |
       Dungeon |  12357 |  12105 |    252 |   1942 |   7755 |  10 | 1235.7 |
               +--------+--------+--------+--------+--------+-----+--------+

Top non-repeatable levels by time:
     D:2: 1930 daAuts
     D:6: 1870 daAuts
     D:8: 1380 daAuts
     D:9: 1307 daAuts
     D:3: 1196 daAuts
     D:4: 1180 daAuts
     D:5: 1138 daAuts
     D:1: 1136 daAuts
     D:7: 1103 daAuts
    D:10: 112 daAuts
